Map: New Repugnancy LE

Players

Ziggy - Winner!

  • Race: Terran Terran
  • Spawn Location: 7:00

Minatoeh (Minato)

  • Race: Zerg Zerg
  • Spawn Location: 1:00

Event: 2019 WCS Spring

VOD

Have the link to the VOD?

Description

Time

  • Played on: May 17, 2019, 11:51 a.m.
  • Length: 19:04

All games in this series

Show
View Real Time Build Order
Export as new Build Order

Ziggy Terran - Winner!

Build Orders: Mech 

Get SALT Encoding   

  12  0:00  SCV  
  13  0:12  SCV  
  14  0:17  Supply Depot  
  14  0:24  SCV  
  15  0:38  SCV  
  15  0:41  Barracks  
  16  0:44  Refinery  
  16  0:50  SCV  
  17  0:59  Barracks  
  17  1:03  SCV  
  18  1:15  SCV  
  19  1:28  Orbital Command, Reaper  
  20  1:36  Barracks  
  20  1:42  Refinery  
  20  1:46  Reaper  
  21  1:53  Supply Depot  
  21  1:57  SCV  
  22  2:03  Reaper  
  23  2:15  SCV  
  24  2:18  Reaper  
  25  2:28  Reaper  
  26  2:35  Reaper  
  27  2:42  Command Center  
  27  2:46  Supply Depot  
  27  2:50  Reaper  
  28  2:57  SCV  
  29  3:00  Reaper  
  30  3:08  Reaper  
  30  3:09  SCV  
  32  3:21  SCV  
  32  3:22  Reaper  
  34  3:32  Reaper  
  34  3:33  SCV  
  36  3:40  Reaper  
  37  3:46  SCV  
  38  3:52  Command Center  
  38  3:54  Reaper  
  38  3:55  Orbital Command  
  39  3:58  SCV  
  40  4:08  Factory  
  40  4:11  SCV, Refinery  
  40  4:15  Marine  
  43  4:23  SCV  
  43  4:24  SCV  
  43  4:26  Factory  
  43  4:28  Marine  
  43  4:30  Marine  
  46  4:32  Marine  
  46  4:35  SCV  
  48  4:39  Refinery  
  48  4:41  SCV  
  49  4:48  SCV  
  49  4:51  Marine x2  
  51  4:53  Factory Tech Lab  
  51  4:55  SCV  
  52  5:00  SCV, Supply Depot  
  52  5:05  Orbital Command  
  53  5:08  SCV  
  53  5:10  Factory Tech Lab  
  53  5:12  Marine x2  
  56  5:15  SCV  
  56  5:20  SCV  
  57  5:24  Siege Tank  
  57  5:27  SCV  
  61  5:33  SCV  
  61  5:34  Siege Tank  
  65  5:39  SCV x2  
  67  5:45  SCV, Supply Depot  
  67  5:46  Supply Depot  
  68  5:51  SCV x2  
  70  5:58  Cyclone  
  70  5:59  Mag-Field Accelerator  
  70  6:03  SCV  
  74  6:06  SCV  
  74  6:07  Cyclone, Armory  
  74  6:11  SCV, Supply Depot  
  78  6:20  SCV, Factory  
  78  6:22  Factory  
  79  6:28  SCV  
  79  6:31  Cyclone  
  81  6:33  SCV  
  81  6:35  Orbital Command, Barracks Reactor  
  81  6:39  Cyclone  
  85  6:41  Infernal Pre-Igniter  
  85  6:46  Factory  
  85  6:47  SCV x2, Engineering Bay  
  87  6:56  Refinery  
  87  6:59  SCV  
  87  7:00  Refinery  
  88  7:03  SCV  
  88  7:04  Cyclone  
  87  7:10  Factory Tech Lab  
  87  7:11  SCV x2  
  87  7:15  SCV  
  87  7:20  Siege Tank  
  94  7:22  Hellion  
  94  7:23  SCV x2, Hellion  
  94  7:27  SCV  
  94  7:29  Terran Vehicle And Ship Armor Level 1  
  100  7:30  Siege Tank  
  100  7:35  SCV  
  93  7:51  SCV x2  
  93  7:54  SCV  
  93  7:56  Siege Tank  
  93  7:58  Hellion x2, Cyclone  
  90  8:02  Cyclone  
  90  8:03  SCV  
  90  8:04  SCV  
  81  8:06  SCV  
  79  8:16  SCV  
  79  8:18  Supply Depot  
  79  8:19  SCV  
  74  8:27  SCV  
  74  8:28  SCV  
  74  8:29  Cyclone  
  74  8:30  Cyclone  
  74  8:31  SCV  
  74  8:33  Hellion  
  74  8:34  Factory Tech Lab  
  85  8:39  SCV  
  85  8:40  SCV, Cyclone  
  88  8:43  SCV  
  89  8:51  SCV  
  89  8:52  SCV  
  91  8:56  SCV, Cyclone  
  91  8:58  Supply Depot  
  91  9:01  Armory  
  93  9:10  SCV x2, Missile Turret  
  93  9:11  Missile Turret  
  93  9:12  Missile Turret  
  93  9:15  Missile Turret  
  89  9:17  Cyclone  
  89  9:19  SCV  
  89  9:22  SCV x2  
  95  9:28  Terran Vehicle And Ship Armor Level 2  
  94  9:31  SCV  
  94  9:35  Cyclone  
  101  9:41  Supply Depot  
  101  9:43  Missile Turret  
  101  9:46  SCV x2  
  101  9:47  SCV  
  99  9:58  SCV x2, Missile Turret  
  101  10:02  SCV, Cyclone x2  
  108  10:09  Terran Vehicle Weapons Level 1  
  108  10:10  SCV  
  109  10:18  Supply Depot  
  109  10:20  Supply Depot  
  109  10:22  Command Center  
  109  10:26  SCV x2, Cyclone  
  114  10:30  Missile Turret  
  114  10:31  Cyclone  
  114  10:33  Refinery  
  116  10:40  Hellion, Cyclone  
  121  10:44  Hellion x2  
  121  10:49  SCV x3  
  128  10:58  Hellion  
  128  11:01  SCV  
  128  11:03  Cyclone  
  132  11:14  Cyclone  
  132  11:15  Supply Depot  
  132  11:16  Supply Depot  
  132  11:29  Factory  
  132  11:30  Factory x3  
  132  11:34  Hellion x2  
  136  11:40  SCV x3  
  136  11:41  Cyclone x2  
  136  11:44  Cyclone  
  148  11:52  Cyclone  
  151  11:59  Terran Vehicle And Ship Armor Level 3  
  151  12:13  Cyclone x2  
  145  12:17  Cyclone  
  144  12:24  Cyclone, Factory Tech Lab  
  140  12:33  Factory Tech Lab x2  
  140  12:34  Factory Reactor  
  140  12:35  Hellion x2  
  144  12:41  Planetary Fortress  
  144  12:43  Missile Turret  
  144  12:45  Missile Turret, Cyclone  
  144  12:46  Cyclone  
  144  12:48  Cyclone  
  142  12:58  Thor  
  120  13:06  Thor  
  120  13:10  Hellion x2  
  121  13:17  Cyclone  
  103  13:27  SCV  
  103  13:31  Cyclone x2  
  102  13:35  Cyclone  
  102  13:39  SCV, Hellion  
  99  13:44  Cyclone  
  99  13:45  SCV  
  96  13:51  SCV x2  
  96  13:57  SCV  
  96  14:01  Cyclone  
  100  14:03  SCV x2  
  100  14:08  Cyclone  
  100  14:09  SCV  
  104  14:12  Cyclone  
  104  14:15  SCV  
  108  14:18  Cyclone  
  109  14:28  Cyclone  
  109  14:29  SCV  
  109  14:30  SCV  
  111  14:37  Siege Tank  
  117  14:38  Hellion x3  
  117  14:39  SCV, Hellion  
  117  14:41  SCV  
  121  14:46  Cyclone  
  124  14:53  Cyclone  
  121  15:02  Siege Tank  
  121  15:03  Hellion  
  121  15:04  Hellion x4  
  121  15:07  SCV x3  
  133  15:11  Siege Tank  
  135  15:16  Siege Tank  
  135  15:19  SCV  
  135  15:21  SCV x2  
  135  15:27  SCV  
  136  15:29  Refinery  
  136  15:30  Refinery  
  136  15:31  SCV  
  136  15:33  SCV x2  
  136  15:34  Cyclone  
  142  15:39  SCV  
  142  15:41  Missile Turret  
  143  15:43  SCV  
  143  15:45  SCV x2  
  143  15:46  Missile Turret  
  146  16:07  Cyclone  
  146  16:08  Cyclone  
  146  16:14  Cyclone  
  146  16:17  Cyclone x2  
  146  16:18  Hellion  
  147  16:19  Cyclone  
  143  16:26  Cyclone  
  143  16:33  Hellion  
  143  16:34  SCV  
  143  16:35  SCV  
  143  16:39  Cyclone  
  146  16:44  Cyclone  
  147  16:49  Supply Depot  
  147  16:50  Supply Depot  
  147  16:52  Cyclone  
  147  17:08  Command Center  
  147  17:10  Cyclone x2  
  153  17:18  Cyclone x2  
  153  17:19  Factory Reactor  
  163  17:23  Hellion x2  
  163  17:26  Supply Depot  
  165  17:31  Supply Depot  
  165  17:32  Supply Depot  
  165  17:34  Refinery  
  151  17:37  Refinery  
  151  17:40  Orbital Command  
  151  17:43  Cyclone x3  
  146  17:49  Cyclone  
  146  17:50  Hellion x2  
  146  18:00  Cyclone  
  146  18:01  SCV x2  
  132  18:13  SCV x2  
  132  18:15  SCV  
  135  18:24  Command Center  
  135  18:25  SCV  
  135  18:26  Cyclone  
Show
View Real Time Build Order
Export as new Build Order

Minatoeh Zerg 

Build Orders: Pool First 

Get SALT Encoding   

  12  0:00  Drone  
  13  0:12  Overlord  
  13  0:17  Drone  
  14  0:30  Drone x2  
  16  0:41  Spawning Pool  
  15  0:44  Drone  
  15  0:48  Drone  
  17  1:09  Hatchery  
  16  1:12  Drone  
  16  1:14  Extractor  
  16  1:17  Drone  
  17  1:27  Queen  
  17  1:30  Zergling x2  
  20  1:34  Drone  
  21  1:40  Drone  
  22  1:49  Overlord  
  22  2:07  Queen, Roach Warren  
  23  2:09  Drone  
  24  2:22  Queen  
  24  2:25  Drone  
  27  2:32  Drone x2  
  27  2:33  Drone  
  30  2:47  Roach  
  30  2:48  Roach x2  
  30  2:50  Extractor  
  36  3:11  Overlord  
  35  3:13  Overlord  
  35  3:30  Roach x4  
  43  3:34  Ravager  
  44  3:45  Ravager  
  43  3:56  Drone  
  43  3:57  Drone x7  
  43  4:02  Overlord x2  
  51  4:04  Drone  
  51  4:07  Extractor  
  51  4:08  Extractor  
  50  4:10  Overlord  
  50  4:15  Drone  
  50  4:16  Drone  
  52  4:22  Roach x2  
  56  4:25  Ravager  
  57  4:36  Roach  
  57  4:38  Roach  
  61  4:40  Drone x2  
  63  4:50  Drone x6  
  63  4:51  Lair  
  69  5:01  Drone x2  
  69  5:03  Drone  
  72  5:12  Overlord  
  72  5:15  Evolution Chamber, Overlord  
  71  5:32  Hatchery  
  70  5:36  Ravager  
  71  5:43  Zerg Missile Weapons Level 1  
  71  5:45  Roach  
  71  5:46  Overlord x3, Roach x5  
  71  5:47  Glial Reconstitution  
  83  6:04  Evolution Chamber  
  83  6:05  Extractor  
  83  6:06  Drone x2  
  83  6:08  Hatchery  
  82  6:12  Drone  
  82  6:14  Drone  
  84  6:18  Roach  
  84  6:19  Roach x5  
  96  6:30  Roach x2  
  96  6:32  Zerg Ground Armor Level 1  
  100  6:36  Roach x2  
  104  6:41  Overseer  
  104  6:46  Overlord x2  
  103  7:09  Roach x6  
  115  7:22  Hatchery  
  115  7:23  Spire  
  109  7:48  Roach  
  109  7:49  Roach x8  
  107  7:54  Drone x3  
  104  7:58  Drone  
  91  8:10  Drone x7  
  74  8:35  Mutalisk  
  74  8:36  Mutalisk x5  
  82  8:42  Mutalisk  
  82  8:53  Roach x3  
  88  8:57  Roach x2  
  92  9:06  Hatchery  
  88  9:11  Drone x5  
  88  9:12  Drone x4  
  97  9:18  Zerg Missile Weapons Level 2  
  97  9:19  Extractor x2  
  95  9:39  Drone x2  
  95  9:41  Overlord x5  
  95  9:42  Drone  
  95  9:43  Drone  
  95  9:44  Drone x3  
  95  9:45  Drone  
  103  9:55  Drone x7  
  103  9:56  Drone  
  111  10:01  Zerg Flyer Weapons Level 1  
  111  10:08  Roach x2  
  111  10:09  Roach x2  
  111  10:10  Roach  
  121  10:15  Roach  
  121  10:16  Ravager x4  
  121  10:18  Roach x2  
  131  10:31  Roach x6  
  143  10:37  Extractor  
  143  10:38  Extractor  
  147  10:42  Roach x2  
  147  10:43  Roach x5  
  147  10:48  Roach x3  
  135  11:12  Roach x12  
  149  11:53  Mutalisk  
  149  11:54  Mutalisk x5  
  149  11:55  Overlord x5  
  149  11:56  Overlord  
  147  12:15  Mutalisk x12  
  144  12:24  Roach x7  
  144  12:25  Zergling x4, Roach  
  156  12:34  Roach x6  
  168  12:41  Hatchery  
  167  12:46  Roach x4  
  169  12:54  Roach x4  
  153  13:10  Roach x7  
  134  13:20  Roach  
  134  13:21  Roach x5  
  134  13:25  Roach  
  133  13:33  Roach x2  
  127  13:41  Roach x3  
  111  13:48  Roach  
  111  13:49  Roach  
  111  13:55  Roach x2  
  117  14:00  Roach x2  
  111  14:04  Roach x2  
  111  14:08  Burrow  
  111  14:09  Tunneling Claws  
  111  14:10  Roach x3  
  111  14:11  Roach x4  
  111  14:17  Roach x3  
  121  14:25  Roach x2  
  121  14:26  Roach x2  
  125  14:32  Roach x3  
  125  14:34  Ravager x6  
  125  14:35  Ravager x2  
  133  14:42  Roach x2  
  133  14:43  Roach  
  131  14:47  Roach  
  115  15:06  Roach x7  
  120  15:10  Roach x2  
  124  15:15  Roach x4  
  124  15:21  Roach x3  
  132  15:26  Roach x2  
  136  15:36  Roach  
  136  15:37  Roach x5  
  148  15:45  Roach x4  
  148  15:47  Roach  
  158  15:52  Roach x2  
  156  15:58  Roach x17  
  156  15:59  Roach  
  160  16:06  Roach x2  
  160  16:08  Roach  
  160  16:09  Roach x4  
  168  16:13  Roach x2  
  160  16:19  Roach x5  
  105  16:34  Roach x8  
  105  16:35  Roach x5  
  120  16:41  Roach x2  
  124  16:50  Roach x2  
  124  16:51  Roach x2  
  124  16:53  Ravager x3  
  131  16:58  Ravager x3  
  131  16:59  Ravager x2  
  131  17:00  Ravager x2  
  131  17:01  Ravager  
  129  17:04  Overseer  
  131  17:08  Roach  
  131  17:09  Roach  
  131  17:10  Roach x18  
  130  17:25  Roach x5  
  140  17:35  Roach x6  
  132  17:42  Roach x6  
  124  18:02  Roach  
  124  18:03  Roach x6  
  135  18:12  Drone x3  
  135  18:13  Drone x2  
  135  18:17  Drone x2  
  135  18:18  Drone  
  140  18:26  Roach x10  
  140  18:31  Roach x4  
  148  18:38  Roach x6  
  148  18:41  Roach x4  
Tags
 
Add a new tag
Caveats
  • Supply blocks, unpowered buildings, or Contaminate may cause inaccurate times.
  • Supply counts are checked every 10 seconds.